 Dungeon Crawl Stone Soup version 0.21-a0-178-g0b87683 (webtiles) character file.

82 Dfrag the Firebug (level 4, -2/30 HPs)
             Began as a Demonspawn Fire Elementalist on Aug 10, 2017.
             Slain by an orc (4 damage)
             ... on level 3 of the Dungeon.
             The game lasted 00:02:40 (2583 turns).

Dfrag the Firebug (Demonspawn Fire Elementalist)    Turns: 2583, Time: 00:02:40

Health: -2/30      AC:  2    Str:  8    XL:     4   Next: 21%
Magic:  0/8        EV: 12    Int: 17    God:
Gold:   109        SH:  0    Dex: 14    Spells: 4/8 levels left

rFire    . . .     SeeInvis .   n - +0 war axe (curse)
rCold    . . .     Gourm    .   (no shield)
rNeg     . . .     Faith    .   a - +0 robe
rPois    .         Spirit   +   (no helmet)
rElec    .         Reflect  .   (no cloak)
rCorr    .         Harm     .   (no gloves)
MR       .....                  (no boots)
Stlth    ++........             (no amulet)
HPRegen  0.10/turn              (no ring)
MPRegen  0.11/turn              (no ring)

@: no status effects
A: magic shield, sturdy frame 1
a: no special abilities


You were on level 3 of the Dungeon.
You were not hungry.

You visited 1 branch of the dungeon, and saw 3 of its levels.

You collected 109 gold pieces.

Inventory:

Hand Weapons
 n - a cursed +0 war axe (weapon)
Armour
 a - a +0 robe (worn)
Scrolls
 e - 2 scrolls of identify {unknown}
 i - 5 scrolls of remove curse {unknown}
 o - 2 scrolls of teleportation {unknown}
 p - a scroll of fear {unknown}
 s - a scroll of magic mapping {unknown}
Potions
 f - 2 potions of lignification {unknown}
 g - 2 potions of heal wounds {unknown}
 h - a potion of invisibility {unknown}
 k - a potion of brilliance {unknown}
 l - a potion of flight {unknown}
 m - a potion of ambrosia {unknown}
 r - a potion of curing {unknown}
Books
 b - a book of Flames

   Spells                             Type                      Level
   a - Flame Tongue                   Conjuration/Fire             1
   b - Throw Flame                    Conjuration/Fire             2
   c - Conjure Flame                  Conjuration/Fire             3
   d - Inner Flame                    Hexes/Fire                   3
   e - Sticky Flame                   Conjuration/Fire             4
   f - Fireball                       Conjuration/Fire             5
Comestibles
 c - 3 bread rations
 d - 2 meat rations
 j - a royal jelly


   Skills:
 - Level 1.7 Dodging
 - Level 1.7 Stealth
 + Level 2.9 Spellcasting
 + Level 2.3 Conjurations
 + Level 3.4 Fire Magic


You had 4 spell levels left.
You knew the following spells:

 Your Spells              Type           Power        Failure   Level  Hunger
a - Flame Tongue          Conj/Fire      ##...        5%          1    None
b - Conjure Flame         Conj/Fire      ##......     16%         3    ###....


Dungeon Overview and Level Annotations

Branches:
Dungeon (3/15)

Altars:
Uskayaw

Annotations:
D:2 Sigmund


Innate Abilities, Weirdness & Mutations

When hurt, damage is shared between your health and your magic reserves.
Your movements are slightly less encumbered by armour. (ER -2)


Message History

Confirm with . or Enter, or press ? or * to list all spells.
Aiming: Flame Tongue
Press: ? - help, Shift-Dir - straight line, f/p - orc priest
Aim: an orc priest (lightly wounded)
The flame tongue hits the orc priest.
The orc priest is moderately wounded.
The orc wizard hits you with a dagger. The orc barely misses you.
The orc priest calls down the wrath of Beogh upon you.
Pain shoots through your body!
* * * LOW HITPOINT WARNING * * *
Casting: Flame Tongue
Confirm with . or Enter, or press ? or * to list all spells.
Aiming: Flame Tongue
Press: ? - help, Shift-Dir - straight line, f/p - orc priest
Aim: an orc priest (moderately wounded)
The flame tongue hits the orc priest.
The orc priest is moderately wounded.
The orc wizard points at you and mumbles some strange words.
You resist with some effort. The orc hits you.
You die...

............###
#..........## .#
#..........# .#
#..........# ####.####
...........# #.(......
#..........#####........
).)...........##........
...........##....o......
†..........#####@o......
...........# #.o......
..........## #........
.......... #........
#........# #.......$
#........# ........#
........# ........#


You could see an orc priest, an orc wizard and an orc.

Vanquished Creatures
  2 adders (D:3)
  An ooze (D:1)
  2 dart slugs
  5 orcs (D:3)
  4 giant cockroaches
  3 hobgoblins
  2 quokkas (D:2)
  4 bats
  4 frilled lizards
  7 goblins
  9 kobolds
  9 rats
52 creatures vanquished.

Vanquished Creatures (others)
  7 toadstools (D:2)
7 creatures vanquished.

Grand Total: 59 creatures vanquished

Notes
Turn   | Place    | Note
-------+----------+-------------------------------------------
     0 | D:1      | Dfrag the Demonspawn Fire Elementalist began the quest for the Orb.
     0 | D:1      | Reached XP level 1. HP: 13/13 MP: 3/3
   135 | D:1      | Gained mutation: Your movements are slightly less encumbered by armour. (ER -2) [demonic ancestry]
   135 | D:1      | Reached XP level 2. HP: 16/19 MP: 0/5
   776 | D:1      | Reached skill level 3 in Fire Magic
   823 | D:1      | Gained mutation: When hurt, damage is shared between your health and your magic reserves. [demonic ancestry]
   823 | D:1      | Reached XP level 3. HP: 24/24 MP: 3/6
  1795 | D:2      | Noticed Sigmund
  2123 | D:3      | Learned a level 3 spell: Conjure Flame
  2241 | D:3      | Found a hide-covered altar of Uskayaw.
  2243 | D:3      | Noticed a hand axe
  2243 | D:3      | Noticed a hand axe
  2305 | D:3      | Reached XP level 4. HP: 17/30 MP: 1/8
  2583 | D:3      | Slain by an orc

Vault maps used:
D:1:      erik_arrival_cave_to_civilisation, minmay_crystal_room,
          hex_intersection, minmay_misc_feat_nine_boxes
D:2:      cheibrodos_fertilizer, uniq_sigmund
D:3:      dancing_weapons_uskayaw

Skill      XL: |  1  2  3 |
---------------+----------+-----
Fire Magic     | 3 |  3.4
Conjurations   | 2 |  2.3
Dodging        | |  1.7
Stealth        | |  1.7
Spellcasting   | |  2.9

Action                   |  1- 3 |  4- 6 || total
-------------------------+-------+-------++-------
Melee: Unarmed           |    20 |       ||    20
       War axe           |     8 |     7 ||    15
 Cast: Flame Tongue      |    69 |    13 ||    82
  Eat: Chunk             |     5 |     1 ||     6
Armor: Robe              |    10 |     3 ||    13
Dodge: Dodged            |    41 |     4 ||    45
